 Seeded DCSS version 0.30.1-4-g462c640d31 (webtiles) character file.

Game seed: 15660985446129201502 (custom seed)

24 AccursedSamuel the Poker (level 3, 23/23 HPs)
             Began as a Tengu Monk on Sept 12, 2023.
             Quit the game on level 1 of the Dungeon.
             The game lasted 00:02:52 (603 turns).

AccursedSamuel the Poker (Tengu Monk)                Turns: 603, Time: 00:02:53

Health: 23/23      AC:  2    Str: 13    XL:     3   Next: 2%
Magic:  4/4        EV: 13    Int: 10    God:
Gold:   67         SH:  0    Dex: 16    Spells: 2/2 levels left

rFire   . . .        a - +0 spear
rCold   . . .        (no shield)
rNeg    . . .        b - +0 robe
rPois   +            (helmet restricted)
rElec   .            (no cloak)
rCorr   .            (no gloves)
SInv    .            (boots unavailable)
Will    +....        f - amulet "Fatzoag" {Faith +Inv rPois Will+}
Stlth   +            (no ring)
HPRegen 0.23/turn    (no ring)
MPRegen 0.09/turn

%: faith
@: no status effects
A: beak, talons 3
a: Evoke Invisibility


You were on level 1 of the Dungeon.
You visited 1 branch of the dungeon, and saw 1 of its levels.

You collected 67 gold pieces.

Inventory:

Hand Weapons
 a - a +0 spear (weapon)
Armour
 b - a +0 robe (worn)
 d - an orb of light
Jewellery
 f - the amulet "Fatzoag" (around neck) {Faith +Inv rPois Will+}
   (You acquired it on level 1 of the Dungeon)

   [amulet of faith]

   It allows you to gain divine favour quickly.
   rPois:     It protects you from poison.
   +Inv:      It lets you turn invisible.
   Will:      It increases your willpower.
Potions
 c - a potion of ambrosia
 e - a potion of curing {unknown}


   Skills:
 + Level 3.4 Fighting
 + Level 3.7 Polearms
 + Level 3.6 Dodging


You had 2 spell levels left.
You didn't know any spells.
Your spell library was empty.

Dungeon Overview and Level Annotations

Branches:
Dungeon (1/15)

Altars:


Innate Abilities, Weirdness & Mutations

You have a beak for a mouth.
You have claws for feet.


Message History

f - the amulet "Fatzoag" (around neck) {Faith +Inv rPois Will+} You now have 67 gold pieces (gained 18).
A ball python comes into view.
The ball python hisses angrily.
You hit the ball python. You claw the ball python.
You kill the ball python!
You start removing your armour.
You continue taking off your orb of light. x4
You finish taking off your orb of light.
Found a stone staircase leading down.
Nothing quivered!
Okay, then.
You start waiting.
Done waiting.
Found 72 gold pieces.
You are not religious.
You have 67 gold pieces.
Char dumped successfully.
Your movement speed is average.
Your attack delay is about 0.9.
Your damage rating with your +0 spear is about 7 (Base 6 x 107% (Str) x 113% (Skill)).
Annotate which branch? (. - D:1, ? - help, ! - show branch list)
Okay, then.
No other quiver actions available for cycling.
Unknown command.
Unknown command.
Unknown command.
You are now empty-handed.
a - a +0 spear (weapon)
Unknown command.
There are no items here.
You don't know any spells.
Press: ? - help, v - describe, . - travel The floor.
Are you sure you want to abandon this character and quit the game? (Confirm with "yes".)

##.## ###.### #.#.##
#.....# ###
.###.############
###.#.#.#####.. ##
##............
..............>
.###.####.#######
#.#.##..#####.. #.#.##
#.# #.#...>†# #.#. ##.##
#.# #.####..# ##.. ###
#.########...###..#####..
#.......@.........[†.....
##########...###..####†#.
.>## #........#


PPPP ##.####†## P$$$. #.# #.## .$$$P##.# ##.## .$$$P##.# ##.# PPP.P...# #.. #..
There were no monsters in sight!

Vanquished Creatures
  2 ball pythons (D:1)
  An endoplasm (D:1)
  3 goblins (D:1)
  3 hobgoblins (D:1)
  3 kobolds (D:1)
  2 quokkas (D:1)
  2 bats (D:1)
  3 frilled lizards (D:1)
  4 rats (D:1)
23 creatures vanquished.

Notes
Turn   | Place    | Note
-------+----------+-------------------------------------------
     0 | D:1      | AccursedSamuel the Tengu Monk began the quest for the Orb.
     0 | D:1      | Reached XP level 1. HP: 14/14 MP: 2/2
   133 | D:1      | Reached XP level 2. HP: 19/19 MP: 3/3
   396 | D:1      | Reached XP level 3. HP: 21/23 MP: 4/4
   397 | D:1      | Identified a scroll of acquirement
   397 | D:1      | Acquired the amulet "Fatzoag" {Faith +Inv rPois Will+}
   603 | D:1      | Quit the game

Illustrated notes

Levels and vault maps discovered:
D:1:      minmay_arrival_pointy, layout_loops_ring, minmay_gold_behind_fungi

Action                     || total
---------------------------++-------
  Melee: Spear             ||    41
         Kick              ||    13
         Peck              ||     6
    Use: Scroll            ||     2
 Armour: Robe              ||    16
  Dodge: Dodged            ||    30
